 Dungeon Crawl Stone Soup version 0.26.1-2-gb8aa6d0cf2 (webtiles) character file.

Game seed: 15554719986219657697

1204 Descartes the Stinger (level 8, -1/61 HPs)
             Began as a Deep Elf Wanderer on Feb 18, 2021.
             Was a Follower of Dithmenos.
             Succumbed to a water moccasin's poison
             ... on level 6 of the Dungeon.
             The game lasted 00:30:38 (11274 turns).

Descartes the Stinger (Deep Elf Wanderer)          Turns: 11274, Time: 00:30:39

Health: -1/61      AC: 24    Str: 10    XL:     8   Next: 21%
Magic:  10/17      EV:  2    Int: 19    God:    Dithmenos [*.....]
Gold:   255        SH:  0    Dex: 14    Spells: 3/17 levels left

rFire    . . .     SeeInvis .   a - +1 short sword (drain)
rCold    . . .     Faith    .   (no shield)
rNeg     + + +     Spirit   .   (armour currently unavailable)
rPois    +         Reflect  .   (helmet currently unavailable)
rElec    .         Harm     .   (cloak currently unavailable)
rCorr    .         Rampage  .   (gloves currently unavailable)
Will     .....     NoTele   +   (boots currently unavailable)
Stlth    ++++......             (no amulet)
HPRegen  0.20/turn              C - ring of stealth
MPRegen  0.15/turn              n - +4 ring of evasion

@: mighty, lethally poisoned (-1 -> -14), tree-form, berserk cooldown, slowed,
wreathed by umbra, very slow
A: no striking features
a: Renounce Religion


You were on level 6 of the Dungeon.
You worshipped Dithmenos.
Dithmenos was aware of your devotion.
You were a tree.
You visited 1 branch of the dungeon, and saw 6 of its levels.
You also visited: Sewer.

You collected 255 gold pieces.

Inventory:

Hand Weapons
 a - a +1 short sword of draining (weapon)
 b - a +4 hunting sling
 z - a +1 vorpal mace
Missiles
 e - 203 stones (quivered)
 i - 3 silver boomerangs
 l - 11 poisoned darts
 t - 146 arrows
 y - 38 bolts
 G - 19 sling bullets
Armour
 d - a +0 robe (melded)
 o - a +1 pair of gloves (melded)
Jewellery
 c - a +6 ring of dexterity
 n - a +4 ring of evasion (right branch)
 s - an uncursed ring of protection from fire
 x - an uncursed ring of protection from fire
 C - a ring of stealth (left branch)
 D - a +6 ring of strength
 E - an uncursed ring of poison resistance
Wands
 A - a wand of digging (6)
Scrolls
 g - 2 scrolls of remove curse {unknown}
 h - 2 scrolls of fog {unknown}
 k - 3 scrolls of fear
 m - 6 scrolls of teleportation
 p - 2 scrolls of enchant armour
 q - 2 scrolls of immolation
 r - a scroll of enchant weapon
 u - a scroll of magic mapping
 w - 2 scrolls of blinking {unknown}
Potions
 f - 2 potions of haste
 j - a potion of cancellation


   Skills:
 - Level 1.0 Dodging
 - Level 3.0 Stealth
 - Level 1.0 Shields
 - Level 5.0 Spellcasting
 + Level 3.3 Conjurations
 - Level 5.0 Necromancy
 + Level 4.6 Transmutations
 + Level 3.6 Fire Magic
 - Level 1.1 Ice Magic
 + Level 3.5 Air Magic
 - Level 5.0 Poison Magic


You had 3 spell levels left.
You knew the following spells:

 Your Spells              Type           Power        Failure   Level
a - Pain                  Necr           92%          1%          1
b - Sting                 Tmut/Pois      92%          1%          1
c - Poisonous Vapours     Pois/Air       40%          3%          2
d - Mephitic Cloud        Conj/Pois/Air  19%          8%          3
e - Ignite Poison         Fire/Tmut/Pois 21%          6%          3
f - Olgreb's Toxic Radia  Pois           23%          16%         4

Your spell library contained the following spells:

 Spells                   Type           Power        Failure   Level
 Vampiric Draining        Necr           11%          4%          3
 Summon Small Mammal      Summ           16%          12%         1
 Confusing Touch          Hex            4%           36%         3
 Gell's Gravitas          Tloc           2%           36%         3
 Summon Guardian Golem    Hex/Summ       4%           36%         3
 Petrify                  Tmut/Erth      13%          43%         4
 Yara's Violent Unravell  Hex/Tmut       6%           80%         5
 Metabolic Englaciation   Hex/Ice        3%           95%         5


Dungeon Overview and Level Annotations

Branches:
Dungeon (6/15)              Sewer (visited)
 Temple: D:4-7

Altars:
Cheibriados
Dithmenos
Sif Muna

Annotations:
D:4 Menkaure


Message History

You feel a strong urge to attack something.
* * * LOW HITPOINT WARNING * * *
You feel sick.
* * * LOW HITPOINT WARNING * * *
You feel sick.
You feel your anger nearly subside.
You are no longer berserk.
You are exhausted.
You feel yourself slow down.
* * * LOW HITPOINT WARNING * * *
You feel sick.
* * * LOW HITPOINT WARNING * * *
You feel very sick.
* * * LOW HITPOINT WARNING * * *
You feel sick.
There is a stone staircase leading up here.
Okay, then.
You turn into a tree.
Your +1 pair of gloves melds into your body.
Your +0 robe melds into your body.
Your roots penetrate the ground.
You die...

##.# #.#
#.. #.##
#.# #..
###.# #.#
#.# #.#.#
#.# ##.#
....# ##.#
#..#
....####..#
##..#
.........##
#...##
##.....###
##....####
####..##
#....♣...#
##.#
##......###
#.#
##.####..#
#.####.##
##.##
#..##.##
##.##
##....##
##.##
###...###
##.#
##.....#
##....#
#.###..##
.......


There were no monsters in sight!

Vanquished Creatures
  A water moccasin (D:6)
  A centaur (D:5)
  An ogre (D:3)
  A bullfrog (D:5)
  2 scorpions (D:5)
  2 orc priests
  A hound (D:5)
  A centaur skeleton (D:4)
  2 bullfrog skeletons (D:5)
  An iguana (D:4)
  6 orc wizards
  6 worker ants
  A howler monkey skeleton (D:4)
  13 adders
  A shadow imp (D:5)
  A worm (D:6)
  3 dart slugs
  3 leopard geckos
  14 orcs
  5 bats
  10 giant cockroaches
  6 goblins
  5 hobgoblins
  13 jackals
  13 kobolds
  2 quokkas
  2 ball pythons
  10 frilled lizards
  A quokka zombie (D:5)
  4 rats (D:1)
132 creatures vanquished.

Vanquished Creatures (others)
  11 plants (Sewer)
11 creatures vanquished.

Grand Total: 143 creatures vanquished

Notes
Turn   | Place    | Note
-------+----------+-------------------------------------------
     0 | D:1      | Descartes the Deep Elf Wanderer began the quest for the
                  | Orb.
     0 | D:1      | Descartes set off with the following items: a +0 dagger, a
                  | +0 robe; and the following spells available to memorise:
                  | Pain, Sting, Poisonous Vapours, Summon Small Mammal,
                  | Vampiric Draining, Ignite Poison, Mephitic Cloud, Summon
                  | Guardian Golem, Olgreb's Toxic Radiance
     0 | D:1      | Reached XP level 1. HP: 10/10 MP: 5/5
     2 | D:1      | Learned a level 1 spell: Pain
     4 | D:1      | Learned a level 1 spell: Sting
   274 | D:1      | Reached XP level 2. HP: 10/15 MP: 0/6
   729 | D:1      | Reached skill level 1 in Transmutations
   975 | D:2      | Reached skill level 1 in Dodging
  1054 | D:2      | Learned a level 2 spell: Poisonous Vapours
  1145 | D:2      | Reached XP level 3. HP: 18/19 MP: 4/8
  1799 | D:3      | Found a glowing drain.
  1808 | Sewer    | Entered a sewer
  2403 | Sewer    | Reached XP level 4. HP: 23/24 MP: 7/9
  2631 | Sewer    | Learned a level 3 spell: Mephitic Cloud
  2749 | Sewer    | Reached skill level 1 in Air Magic
  3924 | D:3      | Found a shadowy altar of Dithmenos.
  3932 | D:3      | Reached XP level 5. HP: 27/28 MP: 9/11
  3933 | D:3      | Became a worshipper of Dithmenos the Shadowed
  4617 | D:3      | Learned a level 3 spell: Ignite Poison
  4716 | D:4      | Noticed Menkaure
  4744 | D:4      | Noticed an ogre
  5071 | D:3      | Reached skill level 5 in Poison Magic
  5342 | D:3      | HP: 1/28 [ogre/+0 giant spiked club (27)]
  5534 | D:3      | Killed an ogre
  5535 | D:3      | Reached skill level 1 in Fire Magic
  5535 | D:3      | Reached XP level 6. HP: 17/32 MP: 8/13
  5776 | D:3      | Reached skill level 1 in Conjurations
  6444 | D:4      | Found a snail-covered altar of Cheibriados.
  6643 | D:4      | Reached * piety under Dithmenos
  7155 | D:4      | HP: 1/32 [iguana (6)]
  7469 | D:5      | Entered Level 5 of the Dungeon
  7487 | D:3      | HP: 1/32 [jackal (1)]
  7758 | D:3      | Reached XP level 7. HP: 12/36 MP: 5/15
  7964 | D:3      | Learned a level 4 spell: Olgreb's Toxic Radiance
  8631 | D:4      | Found a shimmering blue altar of Sif Muna.
 10694 | D:5      | Reached skill level 5 in Spellcasting
 10694 | D:5      | Reached skill level 5 in Necromancy
 10694 | D:5      | Reached XP level 8. HP: 28/41 MP: 9/17
 11272 | D:6      | HP: 2/41 [poisoned by a water moccasin]
 11274 | D:6      | Succumbed to a water moccasin's poison

Illustrated notes

Levels and vault maps discovered:
D:1:      ncdulo_watergridlock, layout_rooms
D:2:      layout_loops_ring
D:3:      layout_rooms, grunt_dithmenos_smoke_and_mirrors, portal_sewer_entry_f
D:4:      minmay_angry_zag, layout_loops_ring, kennysheep_slug_shrine,
          led_sif_pool, uniq_menkaure
D:5:      layout_layer_cave, kennysheep_windowed_goal
D:6:      layout_layer_cave, nicolae_overflow_crystal_walls, serial_shops, shop,
          basic_altar, uniq_pikel

Skill      XL: |  1  2  3  4  5  6  7 |
---------------+----------------------+-----
Transmutations | 1 2 3 4 |  4.6
Spellcasting   | 2 3 4 5 |  5.0
Dodging        | 1 |  1.0
Stealth        | 2 3 |  3.0
Necromancy     | 3 4 5 |  5.0
Air Magic      | 1 2 3 |  3.5
Poison Magic   | 5 |  5.0
Fire Magic     | 1 2 3 |  3.6
Conjurations   | 1 3 |  3.3
Shields        | |  1.0
Ice Magic      | |  1.1

Action                   |  1- 3 |  4- 6 |  7- 9 || total
-------------------------+-------+-------+-------++-------
Melee: Dagger            |    30 |    49 |       ||    79
       Short sword       |       |    31 |    34 ||    65
 Cast: Pain              |    47 |   157 |   133 ||   337
       Sting             |    28 |    11 |     5 ||    44
  Use: Scroll            |     7 |     1 |     1 ||     9
       Potion            |     2 |     4 |     3 ||     9
 Stab: Sleeping          |     1 |     1 |       ||     2
Armor: Robe              |     9 |    29 |    13 ||    51
Dodge: Dodged            |    47 |   152 |    98 ||   297
